[Event "Titled Tuesday Blitz May 9 Early 2023"]
[White "Chernomordik, Pavel"]
[Black "Zhu, Jiner"]
[WhiteFideId "2804530"]
[BlackFideId "8608059"]
[WhiteElo "2193"]
[BlackElo "2384"]
[Result "0-1"]
[Round "10"]
[TimeControl "180+2"]
[Date "2023.05.09"]
[WhiteClock "0:00:00"]
[BlackClock "0:00:12"]

1. e4 e5 2. Nf3 Nc6 3. Bb5 a6 4. Ba4 Nf6 5. Qe2 b5 6. Bb3 Be7 7. d4 d6 8. c3 Bg4 9. Be3 O-O 10. h3 Bh5 11. Nbd2 Na5 12. Bc2 exd4 13. cxd4 c5 14. d5 Re8 15. O-O Nd7 16. Bf4 Bf6 17. Rab1 Ne5 18. b3 c4 19. g4 cxb3 20. axb3 Rc8 21. Rfc1 Bg6 22. Nxe5 dxe5 23. Be3 Nb7 24. Ra1 Nc5 25. b4 Nb7 26. Rxa6 Qd7 27. Qf1 h5 28. f3 hxg4 29. hxg4 Rc3 30. Bd3 Rec8 31. Rxc3 Rxc3 32. Ra8+ Nd8 33. g5 Be7 34. Nb1 Rb3 35. Ra7 Qe8 36. Bxb5 Qf8 37. Bd2 Bxb4 38. Bc4 Rxb1 39. Qxb1 Bxd2 40. Qb6 Bxg5 0-1


[Site "https://www.chess.com"]

[Event "Titled Tuesday Blitz May 9 Early 2023"]
[White "Hayrapetyan, Hovik"]
[Black "Tuleyeva-Aketayeva, Dana"]
[WhiteFideId "13302639"]
[BlackFideId "13701932"]
[WhiteElo "2348"]
[BlackElo "2030"]
[Result "1-0"]
[Round "10"]
[TimeControl "180+2"]
[Date "2023.05.09"]
[WhiteClock "0:02:12"]
[BlackClock "0:01:28"]

1. d4 Nf6 2. c4 e6 3. Nc3 Bb4 4. Nf3 O-O 5. Bg5 h6 6. Bh4 d5 7. e3 Nbd7 8. cxd5 exd5 9. Bd3 c5 10. O-O c4 11. Nxd5 Qa5 12. Nxf6+ Nxf6 13. Bxc4 Bg4 14. h3 Bh5 15. Qd3 Bxf3 16. gxf3 Qh5 17. Bxf6 gxf6 18. Kh2 Qxf3 19. Qg6+ Kh8 20. Qxh6+ Kg8 21. Rg1+ 1-0


[Site "https://www.chess.com"]

[Event "Titled Tuesday Blitz May 9 Early 2023"]
[White "djokovic74"]
[Black "Rios Escobar, Adan"]
[BlackFideId "3403645"]
[WhiteElo "2652"]
[BlackElo "2414"]
[Result "0-1"]
[Round "10"]
[TimeControl "180+2"]
[Date "2023.05.09"]
[WhiteClock "0:01:34"]
[BlackClock "0:00:11"]

1. e4 c5 2. Nf3 d6 3. d4 cxd4 4. Nxd4 Nf6 5. Nc3 a6 6. Be2 e5 7. Nb3 Be6 8. O-O Be7 9. f4 Nc6 10. Kh1 exf4 11. Bxf4 Ne5 12. Qe1 Nfd7 13. Rd1 O-O 14. Nd4 Rc8 15. Qg3 Kh8 16. Nf5 Bxf5 17. exf5 Qa5 18. Nd5 Rxc2 19. Bd3 Qxd5 20. Bxc2 Qxa2 21. Qc3 Qc4 22. Qd2 Rc8 23. Bb1 Rc6 24. Rc1 Qb5 25. Rce1 Nf6 26. Bxe5 dxe5 27. Ba2 Kg8 28. Rd1 h6 29. Rc1 Ng4 30. Rxc6 Qxf1# 0-1


[Site "https://www.chess.com"]

[Event "Titled Tuesday Blitz May 9 Early 2023"]
[White "Balla, Tamas-Kristof"]
[Black "Rosen, Eric"]
[WhiteFideId "1208497"]
[BlackFideId "2032562"]
[WhiteElo "2334"]
[BlackElo "2331"]
[Result "0-1"]
[Round "10"]
[TimeControl "180+2"]
[Date "2023.05.09"]
[WhiteClock "0:00:54"]
[BlackClock "0:00:58"]

1. e4 e5 2. Nf3 Nf6 3. Nxe5 Nc6 4. Nxc6 dxc6 5. d3 Bc5 6. Be2 h5 7. c3 Ng4 8. d4 Qh4 9. Bxg4 Bxg4 10. Qd3 O-O-O 11. Be3 Bb6 12. a4 a6 13. b4 Rhe8 14. Nd2 f5 15. O-O fxe4 16. Nxe4 Qe7 17. f3 Bf5 18. Bg5 Qxg5 19. b5 Bxe4 20. fxe4 cxb5 21. Rf5 Qe7 22. Qh3 Kb8 23. axb5 Rxd4 24. Kh1 Rxe4 25. Rff1 a5 26. Qxh5 Rh4 27. Qg6 Rxh2+ 0-1


[Site "https://www.chess.com"]

[Event "Titled Tuesday Blitz May 9 Early 2023"]
[White "Shubenkova, Veronika"]
[Black "Spitzl, Vinzent"]
[WhiteFideId "44124040"]
[BlackFideId "12901253"]
[WhiteElo "2060"]
[BlackElo "2225"]
[Result "0-1"]
[Round "10"]
[TimeControl "180+2"]
[Date "2023.05.09"]
[WhiteClock "0:00:12"]
[BlackClock "0:00:09"]

1. d4 d5 2. e3 Nf6 3. c4 e6 4. Nf3 Be7 5. Nc3 O-O 6. cxd5 Nxd5 7. Bd3 b6 8. Qc2 h6 9. e4 Nxc3 10. bxc3 Bb7 11. Be3 c5 12. O-O Nd7 13. Rad1 Qc7 14. d5 e5 15. c4 Nf6 16. Qb2 Bd6 17. Nh4 Bc8 18. Nf5 Bxf5 19. exf5 e4 20. Bb1 Bxh2+ 21. Kh1 Be5 22. Qe2 Rfe8 23. g3 a6 24. Kg2 b5 25. Rh1 Qd6 26. Rh4 Rab8 27. cxb5 axb5 28. Qd2 Kf8 29. Rc1 c4 30. a4 c3 31. Qa2 b4 32. Qb3 Qxd5 33. Qxd5 Nxd5 34. Bc5+ Kg8 35. Bxe4 Nf6 36. Bb1 b3 37. f4 b2 38. Rc2 Bc7 39. Rxc3 Ne4 40. Rc2 Ba5 41. f6 Nc3 42. Rxc3 Bxc3 43. fxg7 Bxg7 44. Rh1 Rec8 45. Be3 Rc3 46. Kf2 Ra3 47. f5 Rxa4 48. f6 Bxf6 49. Rxh6 Bg7 50. Rh5 Ra1 51. Rh1 Rc8 52. Ke2 Re8 53. Kd3 Ra3+ 54. Kc2 Raxe3 55. g4 Re2+ 56. Kb3 R8e3+ 57. Kc4 Re1 0-1


[Site "https://www.chess.com"]

[Event "Titled Tuesday Blitz May 9 Early 2023"]
[White "Yelisieiev, Yevhenii"]
[Black "Rottenwohrer Suarez, Juan"]
[WhiteFideId "14139642"]
[BlackFideId "32068182"]
[WhiteElo "2403"]
[BlackElo "2174"]
[Result "0-1"]
[Round "10"]
[TimeControl "180+2"]
[Date "2023.05.09"]
[WhiteClock "0:00:00"]
[BlackClock "0:00:26"]

1. d4 Nf6 2. Nf3 g6 3. g3 Bg7 4. Bg2 b6 5. O-O Bb7 6. b3 O-O 7. Bb2 c5 8. c4 cxd4 9. Nxd4 Bxg2 10. Kxg2 Qc7 11. Nc3 Nc6 12. f3 Rfd8 13. Rc1 Qb7 14. e4 a6 15. Nd5 Ne8 16. Nxc6 dxc6 17. Bxg7 Nxg7 18. Qd4 cxd5 19. exd5 Nf5 20. Qe4 b5 21. Rfe1 bxc4 22. bxc4 Rac8 23. g4 Nd6 24. Qd4 Qb4 25. a3 Rxc4 0-1


[Site "https://www.chess.com"]

[Event "Titled Tuesday Blitz May 9 Early 2023"]
[White "Luberanski, Jakub"]
[Black "Nguyen Hong Nhung"]
[WhiteFideId "21830509"]
[BlackFideId "12412201"]
[WhiteElo "2255"]
[BlackElo "1996"]
[Result "1-0"]
[Round "10"]
[TimeControl "180+2"]
[Date "2023.05.09"]
[WhiteClock "0:01:09"]
[BlackClock "0:01:05"]

1. e4 c5 2. Nf3 e6 3. d4 cxd4 4. Nxd4 Nc6 5. Nc3 Nf6 6. Nxc6 bxc6 7. e5 Nd5 8. Ne4 Bb7 9. c4 Nb4 10. Bg5 Qa5 11. Nd6+ Bxd6 12. Qxd6 f6 13. Bd2 c5 14. exf6 gxf6 15. Rd1 Nc2+ 16. Ke2 Qxa2 17. Bc3 Qxc4+ 18. Kd2 Qb3 19. Bxf6 Kf7 20. Qe7+ Kg6 21. Qg7+ Kf5 22. Qg5+ Ke4 23. Qe5# 1-0


[Site "https://www.chess.com"]

[Event "Titled Tuesday Blitz May 9 Early 2023"]
[White "Tarasova, Viktoriya"]
[Black "Petrovic, Aleksa"]
[WhiteFideId "4175840"]
[BlackFideId "967629"]
[WhiteElo "2182"]
[BlackElo "2309"]
[Result "0-1"]
[Round "10"]
[TimeControl "180+2"]
[Date "2023.05.09"]
[WhiteClock "0:00:00"]
[BlackClock "0:00:33"]

1. d4 d5 2. c4 c6 3. Nf3 Nf6 4. Nc3 e6 5. Bg5 dxc4 6. e4 b5 7. e5 h6 8. Bh4 g5 9. Nxg5 hxg5 10. Bxg5 Nbd7 11. g3 Bb7 12. Bg2 Qb6 13. exf6 O-O-O 14. O-O c5 15. d5 b4 16. Na4 Qa6 17. a3 Bxd5 18. Bxd5 Ne5 19. axb4 Rxd5 20. Qe2 cxb4 21. Nc3 Qd6 22. Ne4 Qc6 23. Be3 a5 24. Rfc1 Rd3 25. Ng5 Qd5 26. Bf4 Nc6 27. Qe4 c3 28. bxc3 bxc3 29. Qxd5 exd5 30. Nxf7 Rg8 31. Ne5 Nxe5 32. Bxe5 Bb4 33. h4 Kd7 34. h5 Ke6 35. Re1 Kf7 36. Kg2 d4 37. Red1 Rxd1 38. Rxd1 c2 39. Rc1 d3 40. Bf4 Kxf6 41. Rh1 d2 42. Bxd2 Bxd2 43. Kf3 c1=Q 0-1


[Site "https://www.chess.com"]

[Event "Titled Tuesday Blitz May 9 Early 2023"]
[White "Bilan, Danila"]
[Black "Omariev, Maksim"]
[WhiteFideId "24161918"]
[BlackFideId "4193423"]
[WhiteElo "2182"]
[BlackElo "2387"]
[Result "1-0"]
[Round "10"]
[TimeControl "180+2"]
[Date "2023.05.09"]
[WhiteClock "0:00:06"]
[BlackClock "0:00:06"]

1. d4 h5 2. Nf3 h4 3. h3 e6 4. e4 d5 5. e5 c5 6. c3 Nd7 7. Bd3 Nh6 8. Bg5 Be7 9. Qd2 c4 10. Bc2 Nf5 11. Bxf5 exf5 12. Na3 a6 13. Nc2 Nf8 14. Bxe7 Qxe7 15. Ng5 Ne6 16. Nxe6 Bxe6 17. f4 Rh6 18. Ne3 Rg6 19. Qf2 b5 20. O-O Ra7 21. b3 Kf8 22. bxc4 bxc4 23. Rfb1 Rb7 24. Qc2 Kg8 25. Rxb7 Qxb7 26. Rb1 Qd7 27. Rb8+ Kh7 28. Rb6 a5 29. Rd6 Qb7 30. Nxf5 Bxf5 31. Qxf5 Qe7 32. Qh5+ Rh6 33. Rxh6+ gxh6 34. Qf5+ Kg7 35. Kh2 a4 36. Qc8 a3 37. Qg4+ Kh7 38. f5 Qg5 39. Qxg5 hxg5 40. Kg1 Kh6 41. Kf2 g4 42. hxg4 Kg5 43. Kf3 f6 44. e6 h3 45. gxh3 Kh4 46. e7 Kxh3 47. e8=Q Kh2 48. g5 Kg1 49. Qe2 Kh1 50. Qg2# 1-0


[Site "https://www.chess.com"]

[Event "Titled Tuesday Blitz May 9 Early 2023"]
[White "ElenGajger"]
[Black "Mazurkiewicz, Michal"]
[BlackFideId "1124943"]
[WhiteElo "2469"]
[BlackElo "2054"]
[Result "0-1"]
[Round "10"]
[TimeControl "180+2"]
[Date "2023.05.09"]
[WhiteClock "0:00:43"]
[BlackClock "0:01:26"]

1. e4 d6 2. d4 Nf6 3. Nc3 c6 4. g3 e5 5. Nge2 Be7 6. Bg2 O-O 7. O-O b5 8. a3 a6 9. h3 Nbd7 10. b3 Bb7 11. Bb2 Re8 12. Qd2 Qc7 13. Rad1 Rad8 14. Rfe1 Bf8 15. Qc1 d5 16. exd5 cxd5 17. dxe5 Nxe5 18. Nd4 Bxa3 19. Ncxb5 axb5 20. Bxa3 Qb6 21. Bb4 Ne4 22. Nf5 Qxf2+ 23. Kh1 Qxf5 24. Rf1 Nxg3+ 0-1


[Site "https://www.chess.com"]

[Event "Titled Tuesday Blitz May 9 Early 2023"]
[White "Harriott, Tyrell"]
[Black "Bettalli, Francesco"]
[WhiteFideId "2086484"]
[BlackFideId "2816453"]
[WhiteElo "2107"]
[BlackElo "2216"]
[Result "0-1"]
[Round "10"]
[TimeControl "180+2"]
[Date "2023.05.09"]
[WhiteClock "0:00:08"]
[BlackClock "0:02:04"]

1. d4 g6 2. e3 Bg7 3. Bd3 c5 4. c3 cxd4 5. exd4 d5 6. f4 Nc6 7. Nf3 Bf5 8. O-O e6 9. Ne5 Nge7 10. Be2 O-O 11. g4 Be4 12. Nd2 Nxe5 13. Nxe4 dxe4 14. fxe5 Qb6 15. Rf2 Rad8 16. Qc2 Qc6 17. Bf1 b5 18. a3 a5 19. Bg5 Rfe8 20. Bg2 b4 21. Bxe4 Qb6 22. axb4 axb4 23. Raf1 bxc3 24. bxc3 Rd7 25. Rxf7 Bxe5 26. Bxg6 Bxd4+ 27. Kh1 Nxg6 28. Rxd7 Qc6+ 29. Qg2 Qxd7 30. cxd4 Qxd4 31. Bh6 Qd5 32. Qxd5 exd5 33. Rd1 Rd8 34. Rd4 Kf7 35. h4 Ke6 36. h5 Ne5 37. g5 Ra8 38. Kg2 Ra2+ 39. Kg3 Ra3+ 40. Kg2 Nf3 41. Rf4 Ne1+ 42. Kf1 Nd3 43. Rf6+ Ke5 44. Bg7 Ke4 45. Rf7 Nf4 46. h6 Rf3+ 47. Ke1 Nd3+ 48. Kd2 Rxf7 49. g6 hxg6 50. h7 Rf2+ 51. Kc3 Rh2 52. h8=Q Rxh8 53. Bxh8 g5 54. Bd4 g4 55. Bg1 g3 56. Kd2 Nf4 57. Ke1 Nh3 58. Ba7 g2 59. Ke2 d4 60. Bxd4 Kxd4 61. Kf3 g1=Q 62. Ke2 Qf2+ 63. Kd1 Kc3 0-1


[Site "https://www.chess.com"]

[Event "Titled Tuesday Blitz May 9 Early 2023"]
[White "Zavortink, Matt"]
[Black "Barbot, Pierre"]
[WhiteFideId "2034263"]
[BlackFideId "663727"]
[WhiteElo "2463"]
[BlackElo "2431"]
[Result "0-1"]
[Round "10"]
[TimeControl "180+2"]
[Date "2023.05.09"]
[WhiteClock "0:00:00"]
[BlackClock "0:00:03"]

1. Nf3 Nf6 2. g3 d5 3. Bg2 g6 4. O-O Bg7 5. d4 O-O 6. c4 dxc4 7. Na3 c3 8. bxc3 c5 9. Re1 Nc6 10. Bb2 a6 11. Nc4 Nd7 12. e4 Rb8 13. a4 b5 14. axb5 axb5 15. Ne3 cxd4 16. cxd4 Nb6 17. Qd2 Nc4 18. Nxc4 bxc4 19. h3 Nb4 20. Bc3 Nd3 21. Reb1 Bd7 22. Ne1 Nxe1 23. Qxe1 Qc8 24. Kh2 Rb3 25. Ra7 Be6 26. Rxe7 Qd8 27. Rb7 Bxd4 28. Bd2 Qc8 29. R7xb3 cxb3 30. Bf1 b2 31. Bd3 Qc5 32. Be3 Rb8 33. Bxd4 Qxd4 34. Qe2 Ba2 35. Rd1 Qc3 36. Bb1 Bxb1 37. Rxb1 Qc1 38. Qd3 Rc8 39. h4 Qc2 40. Qxc2 Rxc2 41. Kg2 Kg7 42. Kf3 Kf6 43. Ke3 Ke5 44. f4+ Kd6 45. g4 Rh2 0-1


[Site "https://www.chess.com"]

[Event "Titled Tuesday Blitz May 9 Early 2023"]
[White "koncheto"]
[Black "Dinu, Dumitru-Daniel"]
[BlackFideId "1208403"]
[WhiteElo "2459"]
[BlackElo "2240"]
[Result "1-0"]
[Round "10"]
[TimeControl "180+2"]
[Date "2023.05.09"]
[WhiteClock "0:02:16"]
[BlackClock "0:01:14"]

1. e4 c6 2. d4 d5 3. Nc3 dxe4 4. Nxe4 Nf6 5. Nxf6+ exf6 6. c3 Bd6 7. Bd3 O-O 8. Ne2 Re8 9. O-O Nd7 10. Ng3 Nf8 11. f4 c5 12. d5 Ng6 13. f5 Ne5 14. Nh5 Nxd3 15. Qxd3 Qe7 16. Bd2 Qe2 17. Rae1 Qxd3 18. Rxe8+ Bf8 19. Nxf6+ gxf6 20. Bh6 Bd7 21. Rxa8 Qe3+ 22. Bxe3 1-0


[Site "https://www.chess.com"]

[Event "Titled Tuesday Blitz May 9 Early 2023"]
[White "Shukhman, Anna"]
[Black "Szente Varga, Fruzsina"]
[WhiteFideId "54180058"]
[BlackFideId "712264"]
[WhiteElo "2235"]
[BlackElo "1994"]
[Result "1-0"]
[Round "10"]
[TimeControl "180+2"]
[Date "2023.05.09"]
[WhiteClock "0:02:23"]
[BlackClock "0:00:56"]

1. e4 e5 2. Nf3 Nc6 3. Bb5 a6 4. Ba4 Nf6 5. O-O Be7 6. Re1 b5 7. Bb3 O-O 8. c3 d5 9. exd5 Nxd5 10. d4 exd4 11. Nxd4 Nxd4 12. Qxd4 Nb6 13. Qe4 Bf6 14. Bc2 g6 15. Bh6 Bf5 16. Qe2 Re8 17. Qxe8+ Qxe8 18. Rxe8+ Rxe8 19. Na3 Bxc2 20. Nxc2 Re2 21. Rc1 Nc4 22. Kf1 Re8 23. b3 Nd2+ 24. Bxd2 Kg7 25. Ne3 Rd8 26. Ke2 h5 27. c4 bxc4 28. Rxc4 Be5 29. Bc3 Bxc3 30. Rxc3 Rd7 31. f4 f5 32. Nc4 Kf6 33. Ne5 Rd4 34. Rc6+ Ke7 35. Rxc7+ Kd8 36. Nc6+ 1-0


[Site "https://www.chess.com"]

[Event "Titled Tuesday Blitz May 9 Early 2023"]
[White "Sarkar, Justin"]
[Black "Panda Sambit"]
[WhiteFideId "2010011"]
[BlackFideId "25091794"]
[WhiteElo "2168"]
[BlackElo "2272"]
[Result "1-0"]
[Round "10"]
[TimeControl "180+2"]
[Date "2023.05.09"]
[WhiteClock "0:00:04"]
[BlackClock "0:00:03"]

1. d4 Nf6 2. c4 e6 3. Nc3 Nc6 4. d5 Ne7 5. e4 d6 6. f4 Ng6 7. Nf3 Be7 8. Bd3 c6 9. f5 exf5 10. exf5 Ne5 11. O-O Qb6+ 12. Kh1 O-O 13. Bg5 Re8 14. Nxe5 dxe5 15. Qc2 Bd7 16. Rad1 cxd5 17. Bxf6 Qxf6 18. Nxd5 Qh4 19. f6 gxf6 20. Bf5 Bc6 21. Rd3 Bxd5 22. cxd5 Qb4 23. Bxh7+ Kf8 24. Rg3 Bd6 25. Qf2 Qf4 26. Rf3 Qd4 27. Rxf6 Qxf2 28. R1xf2 Kg7 29. Rxf7+ Kh8 30. Be4 Rf8 31. g3 Kg8 32. Bh7+ Kh8 33. Kg2 Bc5 34. Rxf8+ Bxf8 35. Rf7 Bc5 36. Be4 b6 37. d6 Rd8 38. d7 Kg8 39. Bd5 Kh8 40. Kf3 a5 41. Ke4 Bd4 42. Re7 Rxd7 43. Rxd7 Bxb2 44. Kf5 e4 45. Kg6 Be5 46. Rh7# 1-0


[Site "https://www.chess.com"]

[Event "Titled Tuesday Blitz May 9 Early 2023"]
[White "Bueno, Alfeu Junior Varela"]
[Black "KorolDimitriy75"]
[WhiteFideId "2108879"]
[WhiteElo "2175"]
[BlackElo "2447"]
[Result "0-1"]
[Round "10"]
[TimeControl "180+2"]
[Date "2023.05.09"]
[WhiteClock "0:00:30"]
[BlackClock "0:00:11"]

1. e4 c5 2. Nc3 g6 3. f4 Bg7 4. Nf3 Nc6 5. Bb5 Nd4 6. O-O e6 7. d3 Ne7 8. Nxd4 cxd4 9. Ne2 O-O 10. Ba4 d5 11. Bb3 a5 12. a4 Bd7 13. Ng3 dxe4 14. dxe4 Qb6 15. Kh1 Kh8 16. Qe2 Rac8 17. e5 Bc6 18. Bd2 Bd5 19. Qe1 Rc5 20. Ra3 Bxb3 21. Rxb3 Qc6 22. c3 dxc3 23. Bxc3 Nd5 24. Bxa5 Qxa4 25. Rxb7 Rxa5 26. Ne4 Rb5 27. Rd7 Rxb2 28. Ng5 Qxd7 29. Qh4 h6 30. Ne4 Rfb8 31. Nf6 Qd8 32. g4 Nxf6 33. exf6 Qxf6 34. g5 Qd4 35. gxh6 Qd5+ 0-1


[Site "https://www.chess.com"]

[Event "Titled Tuesday Blitz May 9 Early 2023"]
[White "Avazkhonov, Alikhon"]
[Black "Levitan, Caleb Levi"]
[WhiteFideId "14208504"]
[BlackFideId "14332620"]
[WhiteElo "1739"]
[BlackElo "1963"]
[Result "1-0"]
[Round "10"]
[TimeControl "180+2"]
[Date "2023.05.09"]
[WhiteClock "0:01:44"]
[BlackClock "0:00:09"]

1. d4 d5 2. c4 e6 3. Nc3 a6 4. cxd5 exd5 5. Nf3 Nf6 6. Bg5 Be6 7. e3 Nbd7 8. Bd3 Bd6 9. Qc2 c6 10. O-O-O Qc7 11. Kb1 O-O 12. Rdg1 b5 13. g4 c5 14. Bxf6 Nxf6 15. g5 Nd7 16. Bxh7+ Kh8 17. Bf5 b4 18. Ne2 cxd4 19. Nexd4 Qxc2+ 20. Kxc2 Rac8+ 21. Kb1 Bxf5+ 22. Nxf5 Bb8 23. Rc1 g6 24. Ne7 Rxc1+ 25. Rxc1 f6 26. Nxg6+ Kg7 27. Nxf8 Nxf8 28. gxf6+ Kxf6 29. Rc6+ Ne6 30. Rxa6 Kf5 31. Rb6 Nc5 32. Rxb8 Ne4 33. Nd4+ Kg4 1-0


[Site "https://www.chess.com"]

[Event "Titled Tuesday Blitz May 9 Early 2023"]
[White "Schut, Han"]
[Black "Mackster23"]
[WhiteFideId "1005561"]
[WhiteElo "2024"]
[BlackElo "2436"]
[Result "0-1"]
[Round "10"]
[TimeControl "180+2"]
[Date "2023.05.09"]
[WhiteClock "0:00:50"]
[BlackClock "0:00:54"]

1. e4 e6 2. d4 d5 3. e5 c5 4. c3 Nc6 5. Nf3 Qb6 6. Bd3 Nh6 7. dxc5 Bxc5 8. Kf1 Ng4 9. b4 Bxf2 10. h3 Ngxe5 11. Nxe5 Nxe5 12. Bf4 Nxd3 13. Qxd3 Bd7 14. a4 Bh4 15. Na3 Qf2# 0-1


[Site "https://www.chess.com"]

[Event "Titled Tuesday Blitz May 9 Early 2023"]
[White "Redzisz, Michal"]
[Black "Vidruska, Renate"]
[WhiteFideId "21816107"]
[BlackFideId "11601841"]
[WhiteElo "2175"]
[BlackElo "1976"]
[Result "1-0"]
[Round "10"]
[TimeControl "180+2"]
[Date "2023.05.09"]
[WhiteClock "0:00:04"]
[BlackClock "0:00:16"]

1. e4 e5 2. Nf3 Nf6 3. Nxe5 d6 4. Nf3 Nxe4 5. d4 d5 6. Bd3 Bd6 7. O-O O-O 8. c4 c6 9. Nc3 Nxc3 10. bxc3 dxc4 11. Bxc4 Bf5 12. Re1 Nd7 13. Bg5 Qa5 14. Qb3 Bg4 15. Be7 Bxf3 16. Bxd6 Qg5 17. Bg3 Bd5 18. Bxd5 cxd5 19. Qxb7 Nb6 20. Bd6 Rfe8 21. Bc5 Qd2 22. Red1 Qxc3 23. Bxb6 axb6 24. Qxd5 Rad8 25. Qb5 Re6 26. d5 Red6 27. h3 g6 28. Rac1 Qa3 29. Rc2 Qa5 30. Qxa5 bxa5 31. Rc5 Ra8 32. Kf1 Kg7 33. a4 Kf6 34. f4 h5 35. Kf2 Kf5 36. Kf3 Rb8 37. Rd3 Rb4 38. g4+ hxg4+ 39. hxg4+ Kf6 40. Rxa5 g5 41. fxg5+ Kxg5 42. Ra8 Rf4+ 43. Ke3 Rxg4 44. Rg8+ Kf5 45. Rxg4 Kxg4 46. Ke4 f6 47. Rc3 Ra6 48. Rc4 Kg5 49. Kd4 Kf5 50. Kc5 Ke5 51. Kb5 Re6 52. dxe6 1-0


[Site "https://www.chess.com"]

[Event "Titled Tuesday Blitz May 9 Early 2023"]
[White "Garakov, Mikhael"]
[Black "Kiseleva, Arina"]
[WhiteFideId "4169034"]
[BlackFideId "4164989"]
[WhiteElo "2347"]
[BlackElo "1708"]
[Result "1-0"]
[Round "10"]
[TimeControl "180+2"]
[Date "2023.05.09"]
[WhiteClock "0:00:06"]
[BlackClock "0:00:05"]

1. e4 c6 2. d4 d5 3. e5 Bf5 4. Nf3 e6 5. Be2 h6 6. O-O a6 7. Be3 Ne7 8. Nbd2 Nd7 9. Nb3 Be4 10. c3 Nf5 11. Bc1 Bxf3 12. Bxf3 c5 13. dxc5 Nxe5 14. Be2 Nd7 15. g4 Nh4 16. Be3 Qc7 17. f4 Nxc5 18. Nd4 Ne4 19. Qe1 Ng6 20. f5 exf5 21. Nxf5 Bc5 22. Bf3 O-O 23. Kh1 Rfe8 24. Bxc5 Qxc5 25. Nd4 Ng5 26. Qd2 Nxf3 27. Rxf3 Ne5 28. Rf5 g6 29. Rf4 Re7 30. Raf1 Nc6 31. Rf6 Kg7 32. Qf4 Nd8 33. Nf5+ gxf5 34. Qxh6+ Kg8 35. gxf5 Nc6 36. Qg5+ Kf8 37. Rh6 Ke8 38. Rh8+ Kd7 39. Rxa8 Re2 40. Qg4 Qc4 41. Qxc4 dxc4 42. f6 Rxb2 43. Rf8 Ke6 44. Re8+ Kd7 45. Re4 Rxa2 46. Rd1+ Kc8 47. h4 Ra3 48. h5 Rxc3 49. Rh4 Rg3 50. h6 Rg8 51. h7 Rh8 52. Rg1 Kd7 53. Rg8 Rxh7 54. Rxh7 Ke6 55. Rc8 c3 56. Rxc6+ bxc6 57. Rh3 c2 58. Rc3 Kxf6 59. Rxc6+ Ke5 60. Rxc2 Kd4 61. Ra2 f5 62. Rxa6 f4 63. Kg2 Ke3 64. Ra3+ Ke2 65. Rf3 1-0


[Site "https://www.chess.com"]

[Event "Titled Tuesday Blitz May 9 Early 2023"]
[White "Mike24147"]
[Black "Jaivardhan Raj"]
[BlackFideId "25744437"]
[WhiteElo "2329"]
[BlackElo "1772"]
[Result "1-0"]
[Round "10"]
[TimeControl "180+2"]
[Date "2023.05.09"]
[WhiteClock "0:00:09"]
[BlackClock "0:00:09"]

1. e4 c5 2. Nf3 e6 3. d4 cxd4 4. Nxd4 Nc6 5. Nc3 a6 6. Nxc6 bxc6 7. Bd3 Qc7 8. O-O Nf6 9. Qe2 d5 10. Bg5 d4 11. Nd1 c5 12. c3 Bb7 13. cxd4 cxd4 14. Rc1 Qb6 15. Kh1 Nd7 16. f4 f6 17. Bh4 Nc5 18. Nf2 Be7 19. e5 f5 20. Bxe7 Kxe7 21. a3 Qc6 22. Rg1 Qb6 23. b4 Nd7 24. Rc2 Rac8 25. Rgc1 Rxc2 26. Rxc2 Rc8 27. Rxc8 Bxc8 28. Qh5 Qc6 29. Qd1 Bb7 30. Bf1 Qd5 31. Nd3 Bc6 32. Qc2 g6 33. Kg1 Nb6 34. h3 Nc4 35. Qf2 Ne3 36. Nc5 Nxf1 37. Qxf1 Bb5 38. Qd1 d3 39. a4 Qd4+ 40. Kh1 Bc6 41. Qxd3 Qxd3 42. Nxd3 Bxa4 43. Nc5 Bb5 44. Kg1 Bc4 45. Kf2 Kd8 46. g3 Kc7 47. Ke3 Kb6 48. Kd4 Bd5 49. Nd7+ Kb5 50. Kc3 Bg2 51. h4 Kc6 52. Nf8 Kd5 53. Nxh7 Bh3 54. Nf8 Bg4 55. Nxg6 Bh5 56. Ne7+ Ke4 57. Ng8 Kf3 58. Nf6 Bf7 59. h5 Kxg3 60. h6 Bg6 61. h7 Bxh7 62. Nxh7 Kxf4 63. Kd4 Kg3 64. Ng5 f4 65. Ke4 Kg4 66. Nxe6 f3 67. Nd4 f2 68. Nf3 Kg3 69. Nd2 Kg2 70. e6 f1=Q 71. Nxf1 Kxf1 72. e7 Kf2 73. e8=Q Ke2 74. Qa4 Kd2 75. Qxa6 Kc3 76. b5 Kb4 77. b6 Kc5 78. b7 Kb4 79. Qc6 Ka5 80. Kd5 Kb4 81. b8=Q+ Ka5 82. Qca8# 1-0


[Site "https://www.chess.com"]

[Event "Titled Tuesday Blitz May 9 Early 2023"]
[White "Iskusnyh, Sergei"]
[Black "petr577"]
[WhiteFideId "4120027"]
[WhiteElo "2492"]
[BlackElo "2221"]
[Result "1-0"]
[Round "10"]
[TimeControl "180+2"]
[Date "2023.05.09"]
[WhiteClock "0:00:46"]
[BlackClock "0:00:09"]

1. d4 Nf6 2. c4 e5 3. dxe5 Ng4 4. e3 Nxe5 5. Nh3 Nbc6 6. Nf4 g5 7. Nd5 Bg7 8. Be2 O-O 9. O-O d6 10. Nbc3 Ne7 11. Nxe7+ Qxe7 12. b3 c6 13. Ba3 Rd8 14. Qc2 g4 15. Rad1 Be6 16. Rfe1 Rd7 17. Ne4 Rad8 18. Ng3 Qg5 19. e4 h5 20. Bc1 Qg6 21. Nf5 Bxf5 22. exf5 Qf6 23. Bf4 Bh6 24. Qc1 Kg7 25. Bf1 Bxf4 26. Qxf4 Ng6 27. Qe4 Re7 28. Qd3 Rxe1 29. Rxe1 Nh4 30. h3 Nxf5 31. hxg4 hxg4 32. g3 Rd7 33. Re4 Nh6 34. Be2 Qa1+ 35. Kg2 f5 36. Rd4 Qxa2 37. Qe3 Nf7 38. Qe6 Rd8 39. Qxf5 Qxe2 40. Rxg4+ Kf8 41. Qh7 Re8 42. Rf4 Qe6 43. b4 Re7 44. Qh8# 1-0


[Site "https://www.chess.com"]

[Event "Titled Tuesday Blitz May 9 Early 2023"]
[White "Mrudul Dehankar"]
[Black "Mohammed, Zozek Salah Mohammed"]
[WhiteFideId "25096990"]
[BlackFideId "4803361"]
[WhiteElo "2139"]
[BlackElo "2211"]
[Result "0-1"]
[Round "10"]
[TimeControl "180+2"]
[Date "2023.05.09"]
[WhiteClock "0:00:00"]
[BlackClock "0:00:54"]

1. e4 e6 2. d4 d5 3. e5 c5 4. c3 Nc6 5. Nf3 Qb6 6. Bd3 cxd4 7. O-O Bd7 8. Re1 Nge7 9. h4 a6 10. Nbd2 Rc8 11. Nb3 dxc3 12. bxc3 Na5 13. Be3 Qc7 14. Nxa5 Qxa5 15. Bd2 Qc7 16. h5 Nc6 17. Rb1 Na5 18. h6 g6 19. Rc1 Nc4 20. Bg5 Be7 21. Qe2 Bxg5 22. Nxg5 O-O 23. Qf3 Qd8 24. Qg3 Qe7 25. Rc2 b5 26. Rce2 a5 27. Bb1 b4 28. cxb4 axb4 29. Rd1 Na3 30. Bd3 Bb5 31. Bxb5 Nxb5 32. Qf4 Nc3 33. Rde1 Nxe2+ 34. Rxe2 Rc4 35. Qd2 Rfc8 36. Qd3 Qxg5 0-1


[Site "https://www.chess.com"]

[Event "Titled Tuesday Blitz May 9 Early 2023"]
[White "Michelle Catherina, P"]
[Black "Turzo, Attila"]
[WhiteFideId "5005736"]
[BlackFideId "704954"]
[WhiteElo "2049"]
[BlackElo "2465"]
[Result "0-1"]
[Round "10"]
[TimeControl "180+2"]
[Date "2023.05.09"]
[WhiteClock "0:00:00"]
[BlackClock "0:00:08"]

1. d4 Nf6 2. Nc3 d5 3. Bf4 a6 4. Nf3 Bf5 5. e3 e6 6. Ne5 c5 7. Be2 Nc6 8. O-O Be7 9. a4 O-O 10. g4 Bg6 11. h4 h6 12. Nxg6 fxg6 13. Bg3 Qb6 14. a5 Qa7 15. dxc5 Qxc5 16. Qd3 g5 17. hxg5 hxg5 18. e4 d4 19. Na4 Qxa5 20. Qb3 Nd8 21. Nb6 Qc5 22. Nxa8 Nxe4 23. Nb6 Nd2 24. Nd7 Nxb3 25. Nxc5 Nxc5 26. Rad1 Nc6 27. Bc4 b5 28. Bd3 Rd8 29. Kg2 Bf6 30. Rfe1 e5 31. Bg6 Kf8 32. c3 a5 33. cxd4 exd4 0-1


[Site "https://www.chess.com"]